Map: Lightshade LE

Players

hello - Winner!

  • Race: Terran Terran
  • League: Master
  • Spawn Location: 5:00

CholmesInk

  • Race: Zerg Zerg
  • League: Diamond
  • Spawn Location: 11:00

VOD

Have the link to the VOD?

Description

Time

  • Played on: Jan. 21, 2021, 3 p.m.
  • Length: 12:00
Show
View Real Time Build Order
Export as new Build Order

hello Terran - Winner!

Build Orders: Reaper Expand 

Get SALT Encoding   

  12  0:00  SCV  
  13  0:12  SCV  
  14  0:17  Supply Depot  
  14  0:24  SCV  
  15  0:38  SCV  
  15  0:40  Barracks  
  16  0:44  Refinery  
  16  0:51  SCV  
  17  1:03  SCV  
  18  1:15  SCV  
  19  1:27  Reaper, Orbital Command  
  20  1:42  Command Center  
  20  1:53  SCV  
  21  1:56  Supply Depot  
  21  1:59  Reaper  
  22  2:06  Barracks  
  22  2:09  SCV  
  23  2:21  SCV  
  23  2:22  Factory  
  24  2:33  SCV  
  25  2:40  Barracks Reactor  
  25  2:45  SCV  
  26  3:01  Barracks Reactor  
  26  3:03  SCV  
  26  3:05  Orbital Command  
  27  3:10  Command Center  
  26  3:16  SCV  
  27  3:22  Barracks Tech Lab  
  27  3:24  Hellion x2  
  31  3:30  Supply Depot, SCV  
  31  3:32  SCV  
  33  3:38  Marine x2  
  35  3:44  Refinery, SCV x2  
  35  3:46  Stimpack  
  37  3:51  Hellion  
  37  3:53  Hellion  
  41  3:57  Supply Depot  
  41  3:59  SCV x2  
  43  4:06  Supply Depot  
  43  4:11  SCV x2  
  43  4:12  Marine x2  
  43  4:13  Marine  
  48  4:24  Orbital Command  
  48  4:25  Starport  
  48  4:27  Factory Reactor  
  48  4:30  Marine  
  49  4:32  SCV x2  
  49  4:35  Factory Reactor  
  49  4:37  Supply Depot  
  51  4:39  Marine x2, Supply Depot  
  51  4:44  SCV x2  
  55  4:48  Marine  
  55  4:49  SCV  
  57  4:56  SCV x2  
  57  4:57  Marine  
  57  4:58  Marine, Supply Depot  
  61  5:01  SCV  
  61  5:06  Marine  
  63  5:08  SCV x2  
  65  5:16  SCV  
  65  5:20  SCV x2  
  68  5:22  Marine x2  
  68  5:24  Marine  
  71  5:28  SCV  
  71  5:30  Barracks, Refinery  
  71  5:32  Barracks  
  71  5:35  Engineering Bay, Combat Shield  
  72  5:36  Engineering Bay  
  72  5:37  Medivac x2  
  72  5:39  Marine  
  72  5:40  Marine  
  78  5:44  Armory  
  78  5:45  Orbital Command, SCV x2  
  80  5:52  Refinery  
  80  5:58  Bunker  
  80  6:02  Marine x2  
  80  6:03  Marine  
  83  6:06  Barracks  
  83  6:07  Medivac  
  85  6:20  Marine  
  85  6:22  Marine x3  
  86  6:32  Marine  
  74  6:38  Marine  
  69  6:40  Marine x3  
  69  6:43  Orbital Command  
  67  6:49  Marine  
  63  6:56  Marine  
  63  6:58  Marine  
  63  7:00  SCV x2  
  63  7:01  Marine x3  
  63  7:07  Marine  
  66  7:09  SCV  
  66  7:12  SCV  
  66  7:13  Marine, SCV  
  70  7:15  Marine  
  70  7:18  Medivac  
  70  7:20  Barracks Reactor x2  
  70  7:21  SCV  
  74  7:27  Supply Depot  
  74  7:28  SCV x2  
  76  7:35  Supply Depot  
  76  7:42  Supply Depot  
  76  7:43  Marine x2  
  76  7:44  Marine  
  80  7:45  Barracks Reactor  
  80  7:46  Widow Mine  
  80  7:47  SCV x3  
  80  8:00  Marine  
  80  8:01  Marine x4  
  80  8:04  Marine x2, Medivac x2  
  87  8:17  Supply Depot  
  83  8:25  Marine x4  
  83  8:26  Marine  
  87  8:30  Marine x4  
  87  8:34  Widow Mine x2  
  84  8:43  Marine x5  
  84  8:48  Marine x4  
  90  8:55  Widow Mine  
  92  9:00  SCV x3  
  92  9:01  Marine x5  
  99  9:06  Marine x2  
  99  9:08  Marine  
  101  9:11  Marine  
  101  9:12  SCV  
  99  9:26  Supply Depot  
  99  9:29  Supply Depot  
  99  9:43  Marine  
  99  9:44  Marine  
  93  9:47  Marine x5  
  93  9:48  Marine  
  93  9:49  Widow Mine  
  93  9:50  Orbital Command  
  93  9:52  SCV  
  102  10:00  Marine  
  102  10:01  Supply Depot  
  103  10:11  Marine  
  103  10:12  Marine x3  
  107  10:17  SCV  
  108  10:23  Supply Depot  
  108  10:39  Marine x2  
  108  10:40  Marine x2  
  108  10:41  Widow Mine x2  
  118  10:47  SCV x2  
  118  10:50  SCV  
  119  10:57  Supply Depot  
  119  10:59  SCV  
  119  11:00  Marine, SCV  
  119  11:02  SCV  
  119  11:03  Medivac  
  125  11:04  Medivac  
  109  11:23  Marine x4  
  109  11:24  Marine x5  
  109  11:25  Widow Mine x2  
  115  11:26  SCV x3  
  118  11:38  SCV  
  118  11:39  SCV x2  
  125  11:41  Marine  
  125  11:43  Refinery  
Show
View Real Time Build Order
Export as new Build Order

CholmesInk Zerg 

Build Orders: Hatch First 

Get SALT Encoding   

  12  0:05  Drone  
  13  0:12  Overlord  
  13  0:18  Drone  
  14  0:30  Drone x2  
  16  0:46  Drone  
  17  0:54  Drone  
  18  0:58  Extractor  
  18  1:01  Hatchery  
  18  1:03  Drone  
  17  1:16  Spawning Pool  
  17  1:17  Drone  
  17  1:23  Drone  
  18  1:36  Drone  
  19  1:42  Overlord  
  19  1:59  Drone  
  20  2:04  Queen  
  20  2:05  Metabolic Boost  
  22  2:12  Queen  
  22  2:14  Zergling x4  
  26  2:18  Drone  
  27  2:25  Drone x2  
  29  2:30  Spore Crawler  
  29  2:34  Spore Crawler  
  27  2:38  Drone x2  
  27  2:43  Spore Crawler  
  30  3:00  Spine Crawler  
  30  3:01  Zergling x4  
  30  3:04  Drone x2  
  33  3:12  Drone x2  
  35  3:17  Queen  
  35  3:18  Baneling Nest  
  36  3:35  Overlord  
  36  3:37  Overlord  
  36  3:39  Hatchery  
  35  3:58  Drone x3  
  35  3:59  Drone x6  
  44  4:04  Overlord x2  
  44  4:34  Zergling x2  
  44  4:35  Zergling x14  
  52  4:48  Overlord x2  
  52  4:49  Zergling x2  
  52  4:50  Zergling x2  
  54  5:08  Zergling x2  
  54  5:09  Zergling x14  
  62  5:39  Zergling x2  
  62  5:40  Zergling x20  
  73  5:45  Baneling x8, Hatchery  
  73  5:46  Baneling x14  
  72  5:52  Overlord x2  
  72  6:10  Zergling x2  
  72  6:11  Zergling x14  
  60  6:41  Baneling  
  60  6:42  Baneling  
  60  6:43  Zergling x2  
  60  6:44  Zergling x34  
  68  6:56  Zergling x6  
  68  7:00  Zergling x2  
  66  7:17  Overlord, Baneling x8  
  66  7:18  Overlord x4  
  66  7:26  Baneling  
  66  7:27  Zergling x4  
  68  7:30  Zergling x8  
  72  7:40  Zergling x8  
  72  7:42  Overlord x2  
  75  7:52  Zergling x2  
  75  7:53  Zergling x4  
  65  8:00  Zergling x2  
  65  8:01  Zergling x4  
  67  8:12  Drone  
  68  8:13  Drone x5  
  59  8:35  Zergling x2  
  59  8:36  Zergling x16  
  58  8:48  Zergling x2  
  58  8:49  Zergling x30  
  58  8:53  Spine Crawler  
  68  8:55  Baneling  
  68  8:56  Baneling x6, Spine Crawler  
  68  8:57  Baneling  
  68  8:59  Zergling x2  
  68  9:00  Zergling x2  
  67  9:18  Baneling Nest  
  67  9:23  Zergling x2  
  67  9:24  Zergling x22  
  67  9:26  Extractor, Hatchery  
  58  9:48  Zergling x2  
  58  9:49  Zergling x14  
  66  10:01  Zergling x2  
  66  10:03  Baneling  
  66  10:04  Baneling x5  
  67  10:14  Extractor  
  66  10:15  Baneling x2  
  66  10:16  Zergling x14  
  66  10:17  Zergling x6  
  76  10:23  Drone x3  
  76  10:27  Zergling x6  
  82  10:36  Zergling x8  
  82  10:40  Overlord  
  86  10:46  Queen  
  88  10:52  Lair  
  88  11:00  Baneling  
  88  11:01  Baneling x7  
  80  11:18  Zergling x10  
  52  11:19  Zergling x10  
  53  11:30  Zergling x2  
  53  11:31  Zergling x10  
Tags
 
Add a new tag
Caveats
  • Supply blocks, unpowered buildings, or Contaminate may cause inaccurate times.
  • Supply counts are checked every 10 seconds.